 Dungeon Crawl Stone Soup version 0.20-a0-526-g753eaab (webtiles) character file.

2706166 mistymad the End of an Era (level 27, 242/257 (261) HPs)
             Began as a Ghoul Gladiator on Jan 26, 2017.
             Was the Champion of Qazlal.
             Escaped with the Orb
             ... and 4 runes!
             The game lasted 04:44:28 (57378 turns).

mistymad the End of an Era (Ghoul Gladiator)       Turns: 57378, Time: 04:44:29

HP:   242/257 (261) AC: 38    Str: 24    XL:     27
MP:   34/38         EV: 20    Int:  7    God:    Qazlal [******]
Gold: 2183          SH: 26    Dex: 17    Spells: 13/26 levels left

rFire    + + +     SeeInvis +   G - +9 eveningstar (protect)
rCold    + + +     Gourm    .   E - +9 armour of the Dragon King {rPois rF+ rC+ MR+}
rNeg     + + +     Faith    .   l - +2 shield "Nuarujur" {rPois Dex+2}
rPois    ∞         Spirit   .   O - +0 mask of the Dragon {MR+ Slay+3 SInv}
rElec    .         Reflect  .   N - +0 cloak "Tineeqen" {rF+ rC++ Regen+ Dex-5}
rCorr    .         Harm     .   F - +0 pair of gloves {Dex+3}
MR       +++++                  Z - +1 pair of boots {run}
Stlth    ..........             R - amulet of Bujoxur {+Inv Regen+}
Regen    0.7/turn               A - ring of Shaolin {EV+8, =R}
                                B - ring of Cuot {rPois rF+ MR+ Int+4}

@: very slightly contaminated, rotting, repel missiles, quick
A: rotting body, claws 1, carnivore 3, cold resistance 1, negative energy
resistance 3, slow regeneration 1, torment resistance, unbreathing
0: Orb of Zot
}: 4/15 runes: decaying, serpentine, slimy, silver
a: Upheaval, Elemental Force, Disaster Area, Renounce Religion, Evoke
Invisibility


You escaped.
You worshipped Qazlal.
Qazlal was exalted by your worship.
You were not hungry.

You visited 10 branches of the dungeon, and saw 52 of its levels.
You also visited: Labyrinth, Trove, Sewer, Ice Cave and Desolation.

You collected 8188 gold pieces.
You spent 6005 gold pieces at shops.

Inventory:

Hand Weapons
 G - a +9 eveningstar of protection (weapon)
 Q - the +8 eveningstar "Sifa" {venom, rC+}
   (You found it in a treasure trove)

   It poisons the flesh of those it strikes.
   It protects you from cold.
Missiles
 d - 8 throwing nets (quivered)
Armour
 l - the +2 shield "Nuarujur" (worn) {rPois Dex+2}
   (You bought it in a shop on level 2 of the Orcish Mines)

   It affects your dexterity (+2).
   It protects you from poison.
 y - a +0 pair of boots of flying
 E - the +9 armour of the Dragon King (worn) {rPois rF+ rC+ MR+}
   (You bought it in a shop on level 13 of the Dungeon)

   It protects you from fire.
   It protects you from cold.
   It protects you from poison.
   It affects your resistance to hostile enchantments.
 F - a +0 pair of gloves of dexterity (worn)
 N - the +0 cloak "Tineeqen" (worn) {rF+ rC++ Regen+ Dex-5}
   (You found it in a treasure trove)

   It affects your dexterity (-5).
   It protects you from fire.
   It greatly protects you from cold.
   It increases your rate of regeneration.
 O - the +0 mask of the Dragon (worn) {MR+ Slay+3 SInv}
   (You found it on level 1 of the Swamp)

   It affects your accuracy and damage with ranged weapons and melee attacks
   (+3).
   It affects your resistance to hostile enchantments.
   It lets you see invisible.
 Z - a +1 pair of boots of running (worn)
Jewellery
 A - the ring of Shaolin (right hand) {EV+8, =R}
   (You took it off a wight on level 8 of the Dungeon)

   [ring of evasion]

   It affects your evasion (+8).
 B - the ring of Cuot (left hand) {rPois rF+ MR+ Int+4}
   (You found it on level 5 of the Depths)

   [ring of poison resistance]

   It affects your intelligence (+4).
   It protects you from fire.
   It protects you from poison.
   It affects your resistance to hostile enchantments.
 C - an uncursed ring of resist corrosion
 R - the amulet of Bujoxur (around neck) {+Inv Regen+}
   (You found it in a treasure trove)

   [amulet of regeneration]

   It lets you turn invisible.
   It increases your rate of regeneration.
 T - a +5 ring of strength
Wands
 s - a wand of paralysis (7/24)
 U - a wand of digging (11/24)
Scrolls
 b - 7 scrolls of amnesia
 e - 19 scrolls of remove curse
 i - 7 scrolls of enchant armour
 m - 19 scrolls of identify
 n - 5 scrolls of fog
 o - 14 scrolls of teleportation
 r - 8 scrolls of fear
 v - 8 scrolls of blinking
 x - 3 scrolls of immolation
 D - 4 scrolls of brand weapon
 H - 6 scrolls of recharging
 J - 3 scrolls of torment {!r}
 L - 5 scrolls of magic mapping
 M - 4 scrolls of enchant weapon
 S - 2 scrolls of summoning
 W - 3 scrolls of vulnerability
 Y - a scroll of silence {!r}
Potions
 a - 7 potions of brilliance
 c - 6 potions of haste
 h - 9 potions of heal wounds
 j - 2 potions of resistance
 k - 18 potions of curing
 q - 8 potions of flight
 u - 4 potions of agility
 w - 7 potions of magic
 z - 2 potions of might
 P - 6 potions of cancellation
 V - 4 potions of ambrosia
 X - 5 potions of invisibility
Miscellaneous
 t - a lamp of fire
 I - 2 boxes of beasts
 K - 3 phantom mirrors
Comestibles
 f - 24 meat rations
 g - 33 royal jellies


   Skills:
 + Level 24.0 Fighting
 + Level 20.0 Maces & Flails
 - Level 11.4 Throwing
 + Level 19.6 Armour
 - Level 11.2 Dodging
 - Level 19.2 Shields
 + Level 24.8 Invocations


You had 13 spell levels left.
You knew the following spells:

 Your Spells              Type           Power        Failure   Level  Hunger
a - Blink                 Tloc           N/A          100%        2    ###....
b - Corona                Hex            #......      100%        1    ##.....
c - Song of Slaying       Chrm           #.......     100%        2    ###....
d - Infusion              Chrm           #...         100%        1    ##.....
e - Regeneration          Chrm/Necr      #.........   100%        3    ####...
f - Shroud of Golubria    Chrm/Tloc      #.........   100%        2    ###....
g - Passwall              Tmut/Erth      #.........   100%        2    ###....


Dungeon Overview and Level Annotations

Branches:
Dungeon (15/15)            Temple (1/1) D:5            Lair (6/6) D:9
  Swamp (4/4) Lair:2        Snake (4/4) Lair:4        Slime (5/5) Lair:6
    Orc (2/2) D:12            Elf (0/3) Orc:2        Vaults (5/5) D:13
  Crypt (0/3) Vaults:2     Depths (5/5) D:15            Zot (5/5) Depths:5

Altars:
Cheibriados
Elyvilon
Fedhas
Hepliaklqana
Kikubaaqudgha
Makhleb
Nemelex Xobeh
Qazlal
Ru
Trog
Vehumet
Xom
The Shining One
Beogh

Shops:
D:6 ?   D:13 }[%(   Orc:2 [:?%   Snake:1 =}}   Snake:4 !%(   Vaults:1 ((
Vaults:5 !??

Portals:
Hell: Depths:1 Depths:2 Depths:3 Depths:4 Depths:5
Abyss: Depths:2 Depths:4
Pandemonium: Orc:2 Depths:1 Depths:3 Depths:4 Depths:5
Ziggurat: Depths:5

Annotations:
D:4 Crazy Yiuf
D:12 2 runed doors
Depths:5 3 runed doors, exclusion: door


Innate Abilities, Weirdness & Mutations

Your body is rotting away.
You thrive on raw meat.
You are immune to poison.
You have sharp fingernails.
You are carnivorous and can eat meat at any time.
Your flesh is cold resistant. (rC+)
You are immune to negative energy. (rN+++)
You regenerate slowly when monsters are visible.
You are immune to unholy pain and torment.
You can survive without breathing.


Message History

You hit the sixfirhy but do no damage.
Your weapon exudes an aura of protection.
You block the sixfirhy's attack.
You perforate the sixfirhy like a sieve!!!
You kill the sixfirhy!
Qazlal accepts your kill.
Clouds arounds you coalesce and take form!
You now have 32/38 mp.
You eat one of the 34 royal jellies.
That royal jelly was delicious!
You eat one of the 26 meat rations.
That meat ration really hit the spot!
You eat one of the 25 meat rations.
That meat ration really hit the spot!
Okay, then.
Your water elemental is engulfed in freezing vapours.
The balrug gestures at you. Something smites you!
Your water elemental is engulfed in freezing vapours.
There is a staircase leading out of the dungeon here.
You take 16 damage, and have 241/257 hp.
Your earth elemental disappears in a puff of smoke!
You have escaped!

### #@## #EE##
## ##E§.###≈#
#..§.#≈≈≈#
#####..≈≈≈≈≈≈#
##≈≈≈≈≈≈≈≈2≈###
#≈≈≈≈≈≈≈≈..##
#≈≈##.......#
## #........##
######


You could see a balrug, 2 friendly water elementals and a friendly air
elemental.

Vanquished Creatures
  the Royal Jelly (Slime:5)
  4 orbs of fire
  3 ancient liches
  Sojobo (Vaults:4)
  5 Killer Klowns
  Vashnia (Snake:2)
  5 curse toes
  Xtahua (Vaults:2)
  Jory (Depths:4)
  Nikola (Snake:2)
  The ghost of Theaset the Stormcaller, a veteran DsGl of Cheibriados (Depths:3)
  9 golden dragons
  the Enchantress (Depths:1)
  8 electric golems
  13 tentacled monstrosities
  A titan (Vaults:5)
  Rupert (D:15)
  A lich (Depths:5)
  26 Orb Guardians
  3 quicksilver dragons
  Gastronok (Lair:3)
  20 acid blobs
  A sphinx (shapeshifter) (Depths:2)
  2 sphinxes
  13 death cobs
  2 thorn hunters
  Kirke (D:15)
  Frances (Swamp:1)
  11 shadow dragons
  9 tengu reavers
  7 draconian monks
  Donald (Orc:2)
  18 nagarajas
  17 storm dragons
  9 fire giants
  17 azure jellies
  A deep elf sorcerer (Vaults:5)
  4 frost giants
  2 iron dragons (Zot:3)
  17 vault wardens
  4 ghost moths
  2 large abominations (Vaults:4)
  9 draconian scorchers
  Louise (Depths:4)
  6 draconian knights
  A deep elf elementalist (Vaults:5)
  A cacodemon (D:5)
  7 draconian stormcallers
  A balrug (Depths:5)
  Aizul (Swamp:1)
  35 very ugly things
  A curse skull (Vaults:2)
  6 draconian shifters
  27 ironheart preservers
  4 draconian annihilators
  9 spriggan defenders
  4 war gargoyles
  23 stone giants
  13 black draconians
  4 vampire knights
  3 deep elf annihilators
  2 deep elf demonologists (Vaults:5)
  16 green draconians
  17 red draconians
  2 entropy weavers
  15 white draconians
  6 purple draconians
  5 spark wasps (Depths:3)
  12 yellow draconians
  Azrael (D:13)
  13 ettins
  5 deep elf death magi
  2 blizzard demons (Depths:2)
  8 fire dragons
  A minotaur (Lab)
  7 death oozes
  Josephine (D:13)
  12 crystal guardians (Depths:2)
  A deep elf high priest (Vaults:5)
  2 minotaurs (shapeshifter) (Depths:2)
  3 ragged hierophants (Desolation)
  22 yaktaur captains
  3 small abominations
  11 great orbs of eyes
  11 ice dragons
  4 servants of whispers (Desolation)
  A great orb of eyes (shapeshifter) (Depths:2)
  17 naga warriors
  4 rakshasas
  34 vault guards
  2 peacekeepers
  10 centaur warriors
  11 hydras
  2 catoblepae
  A ghost crab (Swamp:1)
  2 death knights
  8 spriggan air magi
  13 anacondas
  51 two-headed ogres
  7 deep troll shamans
  16 dancing weapons
  4 death yaks (Lair:6)
  5 alligators
  5 tengu warriors
  18 naga sharpshooters
  14 ogre magi
  11 deep troll earth magi
  8 orc high priests
  8 shock serpents
  2 spriggan berserkers
  5 deep elf knights
  2 sun demons (Depths:5)
  17 spriggans
  A storm dragon zombie (Vaults:2)
  An iron golem (Depths:2)
  5 salamander mystics
  3 iron trolls (Depths:4)
  A skeletal warrior (Vaults:2)
  An entropy weaver zombie (Vaults:2)
  2 sixfirhies
  3 shadow wraiths
  The ghost of Soeti the Thaumaturge, a novice DEFE of Vehumet (D:10)
  A death drake (shapeshifter) (D:15)
  3 unseen horrors
  10 naga ritualists
  4 hell knights (Vaults:5)
  3 swamp dragons
  4 obsidian statues (Depths:2)
  2 deep trolls (shapeshifter)
  2 spriggan druids (Swamp:4)
  44 deep trolls
  A gelid demonspawn (Orc:2)
  3 flayed ghosts
  7 glowing orange brains
  4 shambling mangroves
  An orange crystal statue (D:12)
  3 wizards (D:13)
  9 deep elf archers
  11 necromancers
  7 lindwurms
  2 infernal demonspawn (Orc:2)
  An orb spider (shapeshifter) (D:15)
  A sphinx zombie (Depths:1)
  13 ironbrand convokers
  38 ugly things
  3 phantasmal warriors (Vaults:5)
  12 mana vipers
  22 orc knights
  A wolf spider zombie (D:15)
  7 shining eyes
  5 wolf spiders
  An oklob plant (Lair:5)
  3 manticores
  6 orc sorcerers
  9 cyclopes
  18 deep elf magi
  A fire giant zombie (Depths:3)
  A sphinx skeleton (Depths:3)
  29 moths of wrath
  10 salamanders
  14 vault sentinels
  Maurice (D:8)
  3 elephants (Lair:6)
  16 naga magi
  40 black mambas
  14 guardian serpents
  Joseph (Lair:1)
  A smoke demon (D:10)
  A torpor snail (shapeshifter) (Vaults:4)
  An ice statue (IceCv)
  3 molten gargoyles
  2 orange demons
  A torpor snail (Lair:5)
  4 eyes of devastation
  A spiny frog (shapeshifter) (Vaults:5)
  The ghost of mopl the Carver, a novice BaFi (D:4)
  6 gargoyles
  A rime drake (shapeshifter) (D:15)
  19 spiny frogs
  A yaktaur zombie (Depths:1)
  3 rime drakes
  19 freezing wraiths
  3 efreet (Depths:4)
  8 komodo dragons
  A yaktaur (shapeshifter) (Vaults:2)
  A tormentor (D:4)
  2 ice devils (D:13)
  A guardian mummy (Zot:3)
  A yaktaur skeleton (Vaults:2)
  2 demonic crawlers (D:13)
  8 tengu conjurers
  44 yaktaurs
  A hellwing (D:10)
  12 trolls
  3 meliai (D:15)
  A red devil (Orc:2)
  A jumping spider (Vaults:3)
  7 tyrant leeches
  5 bog bodies
  5 polar bears
  Grinder (D:3)
  16 saltlings
  A raiju (shapeshifter) (Vaults:2)
  17 blink frogs
  A sphinx simulacrum (Vaults:2)
  25 hornets
  14 hippogriffs
  A deep troll zombie (Depths:1)
  A snapping turtle (shapeshifter) (Vaults:5)
  A dream sheep (shapeshifter) (Depths:2)
  121 slime creatures
  2 frost giant simulacra
  3 dream sheep (Lair:5)
  An ettin zombie (Vaults:2)
  A redback (shapeshifter) (Depths:2)
  A hippogriff (shapeshifter) (Vaults:1)
  A human simulacrum (Vaults:2)
  A redback (Vaults:3)
  A vampire (D:15)
  6 shadows
  An ice dragon skeleton (Depths:1)
  9 air elementals
  A wyvern (D:12)
  A tarantella (shapeshifter) (Vaults:2)
  A yak (shapeshifter) (Vaults:4)
  Sigmund (D:5)
  4 basilisks
  12 water elementals
  5 wraiths
  8 fire elementals
  18 humans
  Eustachio (D:5)
  A basilisk (shapeshifter) (D:15)
  A neqoxec (Orc:2)
  A chaos spawn (D:7)
  3 hogs (D:15)
  2 hungry ghosts
  13 golden eyes
  A steam dragon (D:14)
  25 yaks
  13 vampire mosquitoes
  A golden eye (shapeshifter) (D:15)
  5 swamp worm simulacra (Swamp:4)
  A swamp worm (shapeshifter) (Vaults:5)
  2 death yak simulacra (IceCv)
  23 insubstantial wisps
  14 swamp worms
  6 wargs
  A soldier ant (shapeshifter) (Vaults:1)
  61 nagas
  A warg (shapeshifter) (Vaults:2)
  15 hydra simulacra (Swamp:4)
  2 acid dragons
  4 hell hounds (D:13)
  5 porcupines
  11 water moccasins
  A floating eye (shapeshifter) (Depths:2)
  A black bear (shapeshifter) (D:14)
  3 black bears
  44 orc warriors
  5 swamp drakes
  An eye of draining (Slime:5)
  A hornet zombie (D:10)
  An alligator simulacrum (IceCv)
  4 sky beasts
  3 ettin simulacra (Depths:4)
  9 ice beasts
  37 ogres
  3 phantoms
  9 boggarts
  A necrophage (D:8)
  28 centaurs
  27 wolves
  16 crocodiles
  A big kobold (shapeshifter) (Vaults:1)
  A big kobold (D:7)
  22 bullfrogs
  A water moccasin zombie (D:9)
  10 earth elementals (Depths:2)
  2 wyvern skeletons (D:13)
  6 scorpions
  6 killer bees
  An elephant simulacrum (IceCv)
  17 wights
  6 howler monkeys
  A spriggan skeleton (Lab)
  9 crimson imps
  6 hounds
  2 draconian simulacra (IceCv)
  3 lava snakes (Lair:5)
  A quasit (D:12)
  2 centaur skeletons
  8 centaur zombies
  4 bullfrog skeletons
  A bullfrog zombie (D:13)
  37 orc priests
  A jelly (shapeshifter) (Depths:2)
  24 orc wizards
  10 jellies
  Ijyb (D:3)
  8 iguanas
  Natasha (D:3)
  2 hell rats (Lair:6)
  9 worker ants
  4 spriggan simulacra (IceCv)
  5 troll simulacra (IceCv)
  3 centaur simulacra (IceCv)
  A hound zombie (D:9)
  A hound skeleton (D:9)
  A worker ant zombie (D:5)
  3 gnolls (Orc:1)
  A howler monkey skeleton (D:4)
  4 naga simulacra (IceCv)
  10 river rats (Lair:6)
  14 adders
  2 ogre simulacra (IceCv)
  3 shadow imps
  12 white imps (IceCv)
  11 oozes
  3 swamp drake simulacra (Swamp:4)
  An adder zombie (D:8)
  An adder skeleton (D:9)
  4 worms
  A ball lightning (Depths:2)
  4 dart slugs
  14 leopard geckos
  116 orcs
  5 bats
  11 giant cockroaches
  7 goblins
  7 hobgoblins
  4 jackals (D:9)
  2 quokkas
  12 ball pythons
  22 frilled lizards
  A giant cockroach zombie (D:5)
  9 kobolds
  A leopard gecko skeleton (D:8)
  2 quokka skeletons
  7 rats
  13 crawling corpses
  2 plants
2653 creatures vanquished.

Vanquished Creatures (collateral kills)
  An acid blob (Slime:5)
  The ghost of HEYYEYAAE the Shatterer, an adept TrBe of Trog (Snake:4)
  A deep elf annihilator (Vaults:4)
  A yaktaur captain (Vaults:4)
  An ice dragon (Vaults:4)
  2 ironbrand convokers (Desolation)
  A mana viper (Snake:4)
  A mana viper (shapeshifter) (Vaults:2)
  A saltling (Desolation)
  A slime creature (Slime:5)
  A naga (Snake:2)
12 creatures vanquished.

Vanquished Creatures (others)
  Mara (Depths:4)
  2 tentacled monstrosities (Zot:4)
  A shadow dragon (Zot:4)
  2 red draconians (Zot:4)
  A naga sharpshooter (Snake:4)
  An unseen horror (D:14)
  An unseen horror (shapeshifter) (Vaults:4)
  A phantasmal warrior (Vaults:5)
  A shambling mangrove (Swamp:3)
  3 saltlings (Desolation)
  5 slime creatures
  A bog body (Swamp:2)
  An air elemental (Depths:2)
  A fire elemental (Depths:2)
  An ogre (Vaults:4)
  An orc priest (Orc:1)
  An adder (Depths:3)
  10 ball lightnings (Depths:2)
  An orc (Orc:1)
  10 fungi
  14 plants
60 creatures vanquished.

Grand Total: 2725 creatures vanquished

Notes
Turn   | Place    | Note
-------+----------+-------------------------------------------
     0 | D:1      | mistymad the Ghoul Gladiator began the quest for the Orb.
     0 | D:1      | Reached XP level 1. HP: 17/17 MP: 0/0
   231 | D:1      | Reached XP level 2. HP: 23/25 MP: 1/1
   619 | D:2      | Reached XP level 3. HP: 31/31 MP: 2/2
   959 | D:2      | Reached XP level 4. HP: 20/38 MP: 0/3
  1652 | D:3      | Noticed Ijyb
  1659 | D:3      | Killed Ijyb
  1718 | D:3      | Reached skill level 1 in Armour
  1843 | D:3      | Reached XP level 5. HP: 44/46 MP: 4/4
  2009 | D:3      | Noticed Grinder
  2010 | D:3      | Paralysed by Grinder for 7 turns
  2025 | D:3      | Paralysed by Grinder for 7 turns
  2037 | D:3      | Killed Grinder
  2037 | D:3      | Reached XP level 6. HP: 7/55 MP: 1/5
  2291 | D:4      | Noticed mopl's ghost (novice BaFi)
  2500 | D:4      | Noticed Natasha
  2527 | D:3      | Killed Natasha
  2527 | D:3      | Reached skill level 5 in Fighting
  2915 | D:4      | Reached XP level 7. HP: 55/61 MP: 6/6
  2962 | D:4      | Killed mopl's ghost
  2962 | D:4      | Reached skill level 5 in Maces & Flails
  2962 | D:4      | Reached skill level 1 in Shields
  3122 | D:4      | Found a runed door.
  3182 | D:4      | Noticed Crazy Yiuf
  3267 | D:5      | Entered Level 5 of the Dungeon
  3267 | D:5      | Noticed Sigmund
  3313 | D:5      | Found a glowing drain.
  3322 | Sewer    | Entered a sewer
  3750 | Sewer    | Reached XP level 8. HP: 34/70 MP: 5/7
  4373 | D:5      | Killed Sigmund
  4422 | D:5      | Noticed Eustachio
  4478 | D:5      | Killed Eustachio
  4807 | D:5      | Reached XP level 9. HP: 78/78 MP: 8/8
  4896 | D:5      | Found a staircase to the Ecumenical Temple.
  4973 | Temple   | Entered the Ecumenical Temple
  4980 | Temple   | Became a worshipper of Qazlal Stormbringer
  5135 | D:6      | Reached skill level 5 in Armour
  5221 | D:6      | Found Tahael's Magic Scroll Boutique.
  5830 | D:7      | Reached * piety under Qazlal
  5953 | D:7      | Reached skill level 1 in Invocations
  6267 | D:7      | Noticed a hornet
  6296 | D:7      | Killed a hornet
  6569 | D:7      | Reached XP level 10. HP: 88/88 MP: 11/11
  7296 | D:8      | Noticed Maurice
  8136 | D:8      | Killed Maurice
  8337 | D:8      | Reached ** piety under Qazlal
  8396 | D:8      | mistymad: ??Upheaval
  8396 | D:8      | beem: upheaval[1/2]: {Qazlal}'s 2* ability; blasts a small (increasing with Invocations) area around a smite-targeted location with lava, ice, air (like Airstrike), or rubble (earth) damage. Lava can leave lava tiles; ice flash-freezes enemies; air leaves storm clouds; earth can destroy walls.
  8396 | D:8      | mistymad: ??Upheaval[2
  8396 | D:8      | beem: upheaval[2/2]: Costs 4 MP and 3 Piety
  8913 | D:9      | Noticed a two-headed ogre
  8941 | D:9      | Killed a two-headed ogre
  8999 | D:9      | Reached skill level 5 in Invocations
  9076 | D:9      | Noticed a two-headed ogre
  9095 | D:9      | Killed a two-headed ogre
  9095 | D:9      | Reached XP level 11. HP: 68/97 MP: 9/13
  9389 | D:9      | Reached *** piety under Qazlal
  9563 | D:9      | Found a staircase to the Lair.
  9963 | D:10     | Entered Level 10 of the Dungeon
  9969 | D:10     | Found a portal to a secret trove of treasure.
  9997 | Trove    | Entered a treasure trove
 10015 | Trove    | Got a faintly glowing cloak
 10021 | Trove    | Got a warped eveningstar
 10023 | Trove    | Got a faintly glowing amethyst amulet
 10032 | Trove    | Got a crystal spear
 10055 | Trove    | Identified the +0 cloak "Tineeqen" {rF+ rC++ Regen+ Dex-5} (You found it in a treasure trove)
 10055 | Trove    | Identified the +8 eveningstar "Sifa" {venom, rC+} (You found it in a treasure trove)
 10056 | Trove    | Identified the cursed +1 spear of Death {speed, +Rage} (You found it in a treasure trove)
 10096 | D:10     | Identified the amulet of Bujoxur {+Inv Regen+} (You found it in a treasure trove)
 10377 | D:10     | Noticed Soeti's ghost (novice DEFE)
 10402 | D:10     | Killed Soeti's ghost
 10613 | D:10     | Reached skill level 10 in Maces & Flails
 10923 | D:11     | Learned a level 2 spell: Blink
 10945 | D:11     | Reached skill level 10 in Fighting
 11281 | D:11     | Noticed a cyclops
 11289 | D:11     | Killed a cyclops
 11408 | D:11     | Noticed a cyan ugly thing
 11444 | D:11     | Killed a cyan ugly thing
 11988 | D:12     | Found a runed door.
 11998 | D:12     | Found a runed door.
 12049 | D:12     | Reached XP level 12. HP: 107/107 MP: 16/16
 12112 | D:12     | Found a staircase to the Orcish Mines.
 12136 | D:12     | Noticed an eight-headed hydra
 12142 | D:12     | Killed an eight-headed hydra
 12236 | D:12     | Noticed a two-headed ogre
 12247 | D:12     | Killed a two-headed ogre
 12649 | D:12     | Found a runed door.
 12690 | D:12     | Found a runed door.
 12785 | Orc:1    | Entered Level 1 of the Orcish Mines
 12785 | Orc:1    | Noticed a stone giant
 12914 | D:13     | Noticed Azrael
 12941 | D:13     | Killed Azrael
 13031 | D:13     | Found a frozen archway.
 13053 | IceCv    | Entered an ice cave
 13151 | IceCv    | Reached XP level 13. HP: 113/116 MP: 18/18
 13360 | IceCv    | Found an ancient bone altar of Kikubaaqudgha.
 13440 | IceCv    | Reached **** piety under Qazlal
 13646 | D:13     | Found Qiysyu's Antique Weapon Emporium.
 13660 | D:13     | Found Oguepohozu's Food Shop.
 13660 | D:13     | Noticed Josephine
 13663 | D:13     | Killed Josephine
 13817 | D:13     | Noticed a vault guard
 13834 | D:13     | Killed a vault guard
 13880 | D:13     | Found Enaett's Armour Boutique.
 13898 | D:13     | Found Jyery's Gadget Boutique.
 14049 | D:13     | Reached skill level 10 in Invocations
 14071 | D:13     | Noticed a vault guard
 14082 | D:13     | Killed a vault guard
 14100 | D:13     | Found a gate to the Vaults.
 14173 | D:13     | Noticed a vault guard
 14186 | D:13     | Killed a vault guard
 14186 | D:13     | Reached skill level 10 in Armour
 14202 | D:13     | Learned a level 1 spell: Corona
 14525 | D:14     | Reached XP level 14. HP: 90/127 MP: 20/20
 14653 | D:14     | Got a crude marble ring
 14654 | D:14     | Identified the ring "Datwin" {rPois rN+ MR+ Slay-4 Stlth+} (You found it on level 14 of the Dungeon)
 14712 | D:14     | Reached ***** piety under Qazlal
 15211 | D:15     | Entered Level 15 of the Dungeon
 15490 | D:15     | Noticed Rupert
 15502 | D:15     | Noticed Kirke
 15502 | D:15     | Killed Rupert
 15527 | D:15     | Killed Kirke
 15896 | D:15     | Found a staircase to the Depths.
 16480 | Orc:1    | Killed a stone giant
 16490 | Orc:1    | Reached XP level 15. HP: 85/136 MP: 22/22
 16679 | Orc:2    | Entered Level 2 of the Orcish Mines
 16756 | Orc:2    | Found a staircase to the Elven Halls.
 17292 | Orc:1    | Found a roughly hewn altar of Beogh.
 17640 | Orc:2    | Noticed Donald
 17657 | Orc:2    | Killed Donald
 17696 | Orc:2    | Noticed Sonja
 17697 | Orc:2    | Noticed Sonja
 17697 | Orc:2    | Sonja changed into Sonja the golden eye
 17703 | Orc:2    | Killed Sonja the golden eye
 17974 | D:13     | Bought the +9 armour of the Dragon King {rPois rF+ rC+ MR+} for 1872 gold pieces
 18103 | Lair:1   | Entered Level 1 of the Lair of Beasts
 18198 | Lair:1   | Noticed Joseph
 18205 | Lair:1   | Killed Joseph
 18668 | Lair:2   | Found a staircase to the Swamp.
 19288 | Lair:3   | Found a labyrinth entrance.
 19297 | Lab      | Entered a labyrinth
 19753 | Lab      | Got a translucent spear {pain}
 19914 | Lair:3   | Got a bloodstained war axe
 19915 | Lair:3   | Identified the cursed +3 war axe "Filiett" {flame, Int+7 Stlth+} (You found it on level 3 of the Lair of Beasts)
 19928 | Lair:3   | Noticed Gastronok
 19941 | Lair:3   | Killed Gastronok
 20039 | Lair:3   | Learned a level 2 spell: Song of Slaying
 20041 | Lair:3   | Learned a level 1 spell: Infusion
 20045 | Lair:3   | Learned a level 3 spell: Regeneration
 20048 | Lair:3   | Learned a level 2 spell: Shroud of Golubria
 20173 | Lair:3   | Learned a level 2 spell: Passwall
 20530 | Lair:4   | Reached skill level 15 in Maces & Flails
 20594 | Lair:4   | Reached ****** piety under Qazlal
 20837 | Lair:4   | Found a staircase to the Snake Pit.
 20850 | Lair:4   | Reached skill level 5 in Shields
 22038 | Lair:5   | Reached XP level 16. HP: 126/147 MP: 24/24
 22284 | Lair:6   | Entered Level 6 of the Lair of Beasts
 22579 | Lair:6   | Found a staircase to the Slime Pits.
 23421 | Swamp:1  | Entered Level 1 of the Swamp
 23470 | Swamp:1  | Noticed a thorn hunter
 23479 | Swamp:1  | Killed a thorn hunter
 23735 | Swamp:1  | Reached skill level 15 in Fighting
 23764 | Swamp:1  | Noticed Aizul
 23782 | Swamp:1  | Killed Aizul
 23839 | Swamp:1  | Noticed Frances
 23847 | Swamp:1  | Killed Frances
 24602 | Swamp:2  | Reached XP level 17. HP: 156/156 MP: 26/26
 25181 | Swamp:3  | Reached XP level 18. HP: 126/163 MP: 27/27
 25703 | Swamp:4  | Entered Level 4 of the Swamp
 26138 | Swamp:4  | Reached skill level 10 in Shields
 26159 | Swamp:4  | Identified a scroll of acquirement
 26783 | Swamp:4  | Got a decaying rune of Zot
 27148 | Orc:2    | Found Gucuest's Food Emporium.
 27157 | Orc:2    | Found Vuffasch's Magic Scroll Shoppe.
 27330 | Orc:2    | Bought a scroll of enchant weapon for 90 gold pieces
 27582 | Orc:2    | Found Irumpeov's Antique Armour Shop.
 27582 | Orc:2    | Found a one-way gate leading to the halls of Pandemonium.
 27582 | Orc:2    | Found Uramisue's Book Boutique.
 27584 | Orc:2    | Bought a brightly glowing shield for 294 gold pieces
 27594 | Orc:2    | Identified the +2 shield "Nuarujur" {rPois Dex+2} (You bought it in a shop on level 2 of the Orcish Mines)
 27996 | Vaults:1 | Entered Level 1 of the Vaults
 28280 | Vaults:1 | Reached skill level 15 in Invocations
 28557 | Vaults:1 | Found Vuts's Antique Weapon Shoppe.
 28796 | Vaults:1 | Reached XP level 19. HP: 166/174 MP: 29/29
 28871 | Vaults:1 | Got an iridescent flail
 28872 | Vaults:1 | Identified the cursed +3 flail "Jellyslayer" {drain, rF+} (You found it on level 1 of the Vaults)
 28948 | Vaults:1 | Found Gaxiesom's Antique Weapon Shoppe.
 29430 | Vaults:2 | Noticed Xtahua
 29441 | Vaults:2 | Killed Xtahua
 30363 | Vaults:2 | Found a staircase to the Crypt.
 30851 | Vaults:2 | Reached skill level 5 in Throwing
 30908 | Vaults:3 | Reached XP level 20. HP: 176/187 MP: 31/31
 32382 | Vaults:4 | Reached XP level 21. HP: 133/195 MP: 27/32
 32478 | Vaults:4 | Found a ruined gateway.
 32498 | Vaults:4 | Noticed Sojobo
 32504 | Vaults:4 | Reached skill level 10 in Throwing
 32512 | Vaults:4 | Killed Sojobo
 32625 | Desolati | Entered the Desolation of Salt
 32626 | Desolati | mistymad: ??Desolation
 32626 | Desolati | beem: desolation[1/1]: A portal vault added in 0.19, featuring open areas with vision blocking clouds and non-living enemies.
 32755 | Desolati | Noticed Yoshimo's ghost (journeyman MiMo)
 32972 | Vaults:4 | Identified Vola's Reference Book on Mutagenic Flames
 33995 | Depths:1 | Entered Level 1 of the Depths
 34043 | Depths:1 | Noticed the Enchantress
 34100 | Depths:1 | Killed the Enchantress
 34280 | Depths:1 | Found a gateway to Hell.
 34538 | Depths:1 | Reached XP level 22. HP: 205/206 MP: 34/34
 35347 | Depths:2 | Got ancient storm dragon scales
 35358 | Depths:2 | Identified the cursed +0 storm dragon scales "Uquanl Ikhloi" {rElec rC+ Str-2 Slay+4} (You found it on level 2 of the Depths)
 35629 | Depths:2 | Reached skill level 5 in Dodging
 35938 | Depths:2 | Reached skill level 15 in Shields
 36112 | Depths:2 | Found a one-way gate to the infinite horrors of the Abyss.
 36562 | Depths:3 | Noticed Theaset's ghost (veteran DsGl)
 36590 | Depths:3 | Killed Theaset's ghost
 36829 | Depths:3 | Reached XP level 23. HP: 201/216 MP: 35/35
 36971 | Depths:3 | Got a pair of encrusted gloves
 36983 | Depths:3 | Identified the +0 pair of gloves "Eblut" {rC+ rN+} (You found it on level 3 of the Depths)
 38140 | Depths:4 | Noticed Mara
 38143 | Depths:4 | Noticed mistymad's illusion
 38313 | Depths:4 | Killed Mara
 38499 | Depths:4 | Noticed Jory
 38512 | Depths:4 | Killed Jory
 38979 | Depths:4 | Noticed Louise
 38995 | Depths:4 | Killed Louise
 39294 | Depths:5 | Entered Level 5 of the Depths
 39295 | Depths:5 | Found a runed door.
 39297 | Depths:5 | Found a runed door.
 39436 | Depths:5 | Reached XP level 24. HP: 148/225 MP: 34/36
 39866 | Depths:5 | Reached skill level 10 in Dodging
 40000 | Depths:5 | Found a gate to the Realm of Zot.
 40035 | Depths:5 | Found a runed warning-scrawled door.
 40322 | Depths:5 | Got a glittering copper ring
 40323 | Depths:5 | Identified the ring of Cuot {rPois rF+ MR+ Int+4} (You found it on level 5 of the Depths)
 40439 | Depths:5 | Found a gateway to a ziggurat.
 40949 | D:6      | Bought a scroll of acquirement for 624 gold pieces
 40949 | D:6      | Bought a scroll of immolation for 42 gold pieces
 40949 | D:6      | Bought a scroll of enchant armour for 90 gold pieces
 40949 | D:6      | Bought a scroll of enchant armour for 90 gold pieces
 40952 | D:6      | Got a pair of jewelled boots
 40963 | D:6      | Identified the +0 pair of boots of the Secret Friends {rF+} (You acquired it on level 6 of the Dungeon)
 41107 | Snake:1  | Entered Level 1 of the Snake Pit
 41654 | Snake:1  | Found Tubrulo's Jewellery Shop.
 41654 | Snake:1  | Found Useuth's Gadget Emporium.
 41655 | Snake:1  | Found Zadghecw's Gadget Emporium.
 41660 | Snake:1  | Bought a phantom mirror for 450 gold pieces
 41977 | Snake:2  | Noticed Nikola
 41990 | Snake:2  | Killed Nikola
 42072 | Snake:2  | Found a bloodstained altar of Trog.
 42404 | Snake:2  | Reached skill level 15 in Armour
 42438 | Snake:2  | Noticed Vashnia
 42466 | Snake:2  | Killed Vashnia
 43491 | Snake:4  | Entered Level 4 of the Snake Pit
 43614 | Snake:4  | Noticed HEYYEYAAE's ghost (adept TrBe)
 43626 | Snake:4  | Killed HEYYEYAAE's ghost
 43626 | Snake:4  | Reached XP level 25. HP: 235/235 MP: 31/36
 43763 | Snake:4  | Found Nilaex's Antique Armour Boutique.
 43834 | Snake:4  | Found Unleijups's Weapon Boutique.
 43834 | Snake:4  | Found Ifruodd's Food Shop.
 43838 | Snake:4  | Found Nafut's Distillery.
 43845 | Snake:4  | Bought a potion of haste for 150 gold pieces
 43848 | Snake:4  | Bought a meat ration for 60 gold pieces
 43848 | Snake:4  | Bought a royal jelly for 24 gold pieces
 43848 | Snake:4  | Bought a meat ration for 60 gold pieces
 43848 | Snake:4  | Bought a royal jelly for 24 gold pieces
 44257 | Snake:4  | Got a serpentine rune of Zot
 44523 | Snake:4  | Got a smoking cloak
 44534 | Snake:4  | Identified the +0 cloak of Wiciling {Int+2 SInv Stlth+} (You acquired it on level 4 of the Snake Pit)
 44946 | Slime:1  | Entered Level 1 of the Pits of Slime
 45431 | Slime:5  | Entered Level 5 of the Pits of Slime
 45441 | Slime:5  | Lost intelligence.
 45683 | Slime:5  | Noticed the Royal Jelly
 45904 | Slime:5  | Killed the Royal Jelly
 46075 | Slime:5  | Reached XP level 26. HP: 213/243 MP: 36/36
 46129 | Slime:5  | Identified Sif Muna's Grimoire of Hexes
 46132 | Slime:5  | Got a slimy rune of Zot
 46169 | Slime:5  | Identified a +1 pair of boots of running (You found it on level 5 of the Pits of Slime)
 46224 | Slime:5  | Got a clouded tin ring
 46225 | Slime:5  | Identified the ring of Koh Xa Reytt {*Tele rC+ rN+ Str-5 Int+6} (You found it on level 5 of the Pits of Slime)
 46296 | Slime:5  | Got a shimmering steel amulet
 46297 | Slime:5  | Identified the amulet "Jemew" {Faith MR- Str+5 SInv} (You found it on level 5 of the Pits of Slime)
 46909 | Vaults:5 | Entered Level 5 of the Vaults
 47484 | Vaults:5 | Reached XP level 27. HP: 198/252 MP: 37/37
 47877 | Vaults:5 | Found Uvael's Magic Scroll Boutique.
 47877 | Vaults:5 | Found Cagifad's Distillery.
 47881 | Vaults:5 | Bought a scroll of acquirement for 520 gold pieces
 47890 | Vaults:5 | Got a pair of smoking boots
 47902 | Vaults:5 | Identified the +0 pair of boots "Kuurieh" {+Blink Dex+3} (You acquired it on level 5 of the Vaults)
 47922 | Vaults:5 | Bought a potion of heal wounds for 85 gold pieces
 47922 | Vaults:5 | Bought a potion of heal wounds for 85 gold pieces
 47922 | Vaults:5 | Bought a potion of heal wounds for 85 gold pieces
 47922 | Vaults:5 | Bought a potion of might for 68 gold pieces
 47922 | Vaults:5 | Bought a potion of heal wounds for 85 gold pieces
 47922 | Vaults:5 | Bought a potion of invisibility for 136 gold pieces
 47987 | Vaults:5 | Found Kiseniu's Magic Scroll Shoppe.
 47991 | Vaults:5 | Bought a scroll of acquirement for 936 gold pieces
 48066 | Vaults:5 | Got a silver rune of Zot
 48205 | Vaults:5 | Identified the Reference Book on Attacks and Snow
 48391 | Vaults:5 | Got a jewelled plate armour
 48392 | Vaults:5 | Identified the +1 plate armour of the Monk {rElec Str+2 Slay+3} (You found it on level 5 of the Vaults)
 48778 | Vaults:5 | Bought a scroll of enchant weapon for 135 gold pieces
 49136 | Zot:1    | Entered Level 1 of the Realm of Zot
 51519 | Zot:3    | Noticed an orb of fire
 51548 | Zot:3    | Killed an orb of fire
 51612 | Zot:3    | Noticed an ancient lich
 51623 | Zot:3    | Killed an ancient lich
 53629 | Zot:4    | Noticed an orb of fire
 53998 | Zot:5    | Entered Level 5 of the Realm of Zot
 55509 | Zot:5    | Noticed an ancient lich
 55517 | Zot:5    | Killed an ancient lich
 55700 | Zot:5    | Noticed an ancient lich
 55716 | Zot:5    | Killed an ancient lich
 55803 | Zot:5    | Noticed an orb of fire
 55822 | Zot:5    | Killed an orb of fire
 55850 | Zot:5    | Noticed an orb of fire
 55882 | Zot:5    | Killed an orb of fire
 56322 | Zot:5    | Noticed an orb of fire
 56366 | Zot:5    | Killed an orb of fire
 56730 | Zot:5    | Got the Orb of Zot
 57309 | D:1      | Noticed Ikhugedd the pandemonium lord
 57378 | D:$      | Escaped with the Orb!

Vault maps used:
D:1:      eino_arrival_cavern_b
D:2:      first_bread
D:3:      uniq_grinder, uniq_iyjb
D:4:      uniq_crazy_yiuf_cottage, uniq_natasha
D:5:      minmay_temple_entry_fiery, portal_sewer_entry_a, uniq_eustachio,
          uniq_sigmund
D:6:      serial_shops, shop
D:8:      kennysheep_blocky_room, hangedman_little_slice_of_home,
          minmay_radiant, uniq_maurice
D:9:      minmay_lair_entry_grove
D:10:     nicolae_trove_entry_crossroad
D:12:     erik_orc_3, grunt_ministairs_10, minmay_statue_crystal_thing
D:13:     grunt_vaults_entry_tiered, serial_shops, shop, shop,
          nicolae_shop_trees, nicolae_shop_crystal,
          portal_ice_cave_demonic_guard, einodemon_crawler_minivault,
          uniq_josephine, uniq_azrael
D:15:     gammafunk_enter_depths_forms, minmay_misc_feat_pillars,
          serial_bayou_pond_c, uniq_rupert, uniq_kirke
Temple:   grunt_wide_crystal_templ
Lair:1:   beast_lair_carwin_1, grunt_megastairs_3, infiniplex_staircase_pool,
          uniq_joseph
Lair:2:   swamp_mist_pool, infiniplex_staircase_pool_2
Lair:3:   lab_entry_generic, nicolae_quartered_pool_super, minmay_lindwurm_lava,
          uniq_gastronok
Lair:4:   guppyfry_snake_entry_garden, st_stairs_6,
          cheibrodos_lair_caveside_slide, lemuel_fruit_tree
Lair:5:   minmay_lair_oklob_items, disabler_island, grunt_megastairs_5,
          serial_bayou_shore_b
Lair:6:   grunt_lair_end_beastmaster, minmay_slime_entry_pillars, st_stairs_12,
          kennysheep_rathole
Swamp:1:  nicolae_swamp_very_dense_foliage, uniq_frances, uniq_aizul
Swamp:2:  hangedman_swamp_ruin_wall
Swamp:3:  nicolae_swamp_fairy_circle, swamp_pool2
Swamp:4:  swamp_icy
Snake:1:  minmay_shop_grove
Snake:2:  basic_altar, special_room, spider_trap, uniq_vashnia, uniq_nikola
Snake:4:  johnstein_snake_rune_scales, special_room, basic_stair_grate_trap,
          minmay_shoptagon
Slime:1:  nicolae_slime_jelly_donut
Slime:3:  cheibrodos_slime_lost_civilization_2,
          cheibrodos_slime_lost_civilization_5
Orc:1:    minmay_orc_temple_b
Orc:2:    pf_orc_diabolical, uniq_donald, uniq_sonja
Vaults:1: st_lines, vaults_mumra_hexcomb, nicolae_vaults_disjoint_gnomons,
          vaults_room_pool, hangedman_vaults_slither,
          nicolae_vaults_stairing_the_circle, hangedman_vaults_snaps, v_misc_26,
          nicolae_vaults_little_squares_5, serial_shops, shop,
          nicolae_shop_stone
Vaults:2: nicolae_vaults_network_barrier, hangedman_vaults_stagger,
          vaults_standard_mumra_lines, ontoclasm_vaults_idyll,
          ontoclasm_vaults_spin, st_cells, minmay_crypt_entry_simple_box,
          uniq_xtahua
Vaults:3: vaults_room_door_hall, ontoclasm_vaults_chip, v_misc_11,
          dpeg_vaults_monster_box, v_alt_pattern_3, v_misc_8, v_misc_23,
          ontoclasm_vaults_twist, ontoclasm_vaults_idyll
Vaults:4: st_lattice, hangedman_vaults_maws,
          hangedman_vaults_stretched_pinwheel, v_misc_11,
          hangedman_vaults_corner_blocks, vaults_room_door_ring, v_misc_23,
          vaults_dpeg_encased_lava, vaults_mumra_hex,
          nicolae_vaults_big_angled_halls, vaults_dpeg_ring,
          portal_desolation_entry_salt, uniq_sojobo
Depths:1: pan_entry, pf_coc_iceberg, serial_bayou_lagoon_a,
          minmay_misc_feat_roman, serial_bayou_crossing, uniq_enchantress
Depths:2: radiant_caverns_a_rkd, abyss_entry, hell_entry
Depths:3: minmay_open_boxes_in_corner, hex_tiny, hell_entry, pan_entry,
          minmay_serpent_palace, firewood_loft
Depths:4: hangedman_elemental_death_ray, grunt_pan_entry_sceptre,
          nicolae_abyss_entry_one_way_or_another, hell_entry, minivault_11,
          grunt_ministairs_6, uniq_jory, uniq_mara
Depths:5: evilmike_zot_entry_basic, enter_ziggurat_a, lightli_too_deep,
          pan_entry, serial_sigils_hangedman_snap,
          serial_sigils_hangedman_carve, mikee_hates_you
Zot:1:    grunt_ministairs_14
Zot:3:    hangedman_player_shredder
Zot:4:    nrook_zot_tub
Zot:5:    st_stairs_11, hangedman_zot_decor_tridents
Lab:      labyrinth_watery, nicolae_lab_swirl, labyrinth_glass_1,
          nicolae_lab_arrow, labyrinth_lava_lair
Trove:    trove_simple
Sewer:    sewer_frog_island_02
IceCv:    ice_cave_small_necro

Skill      XL: |  1  2  3  4  5  6  7  8  9 10 11 12 13 14 15 16 17 18 19 20 21 22 23 24 25 26 27 |
---------------+----------------------------------------------------------------------------------+-----
Maces & Flails | 3 4 5 6 7 9 10 11 13 14 15 16 17 20 | 20.0
Fighting       | 3 4 5 6 8 9 10 11 12 13 14 15 16 17 18 19 20 21 24 | 24.0
Armour         | 1 2 3 4 6 7 8 9 10 11 12 14 15 16 17 19 | 19.6
Shields        | 2 3 4 5 9 11 12 13 14 15 16 17 19 | 19.2
Invocations    | 3 5 7 8 10 11 12 13 15 16 17 18 19 20 21 22 24 | 24.8
Throwing       | 5 9 11 | 11.4
Dodging        | 4 6 9 11 | 11.2

Action                   |  1- 3 |  4- 6 |  7- 9 | 10-12 | 13-15 | 16-18 | 19-21 | 22-24 | 25-27 || total
-------------------------+-------+-------+-------+-------+-------+-------+-------+-------+-------++-------
Melee: Flail             |    97 |   128 |   663 |   501 |       |       |       |       |       ||  1389
       Eveningstar       |       |       |       |   413 |  1137 |  1067 |  1440 |  1986 |  2821 ||  8864
 Fire: Blowgun           |       |       |       |     8 |       |       |       |       |       ||     8
Throw: Throwing net      |       |       |       |       |       |       |       |       |     3 ||     3
Invok: Upheaval          |       |       |       |     1 |    12 |    14 |    10 |    10 |    19 ||    66
       Disaster Area     |       |       |       |       |     2 |       |     9 |     1 |    10 ||    22
       Elemental Force   |       |       |       |       |       |       |     6 |     4 |     2 ||    12
 Abil: Stop Flying       |       |       |       |     1 |     3 |     1 |     2 |     3 |       ||    10
       Evoke Flight      |       |       |       |       |     3 |     1 |     1 |     3 |       ||     8
Evoke: Wand              |       |       |       |       |     1 |       |     4 |     1 |     4 ||    10
       Lightning rod     |       |       |       |       |       |       |     1 |       |       ||     1
  Use: Scroll            |       |       |       |    30 |     9 |    13 |     9 |     7 |    13 ||    81
       Potion            |       |       |       |       |       |     1 |    10 |       |     6 ||    17
 Stab: Petrified         |       |       |       |       |       |     5 |       |       |       ||     5
       Distracted        |       |       |       |       |       |       |     2 |     2 |     1 ||     5
       Invisible         |       |       |       |       |       |       |     1 |       |       ||     1
       Held in net/web   |       |       |       |       |       |       |       |       |     3 ||     3
       Confused          |       |       |       |       |       |       |       |       |     1 ||     1
  Eat: Chunk             |     8 |     9 |    35 |    47 |    74 |    52 |    87 |    83 |   104 ||   499
       Meat ration       |       |       |     1 |       |       |       |       |       |     5 ||     6
       Royal jelly       |       |       |       |       |       |       |     1 |       |     4 ||     5
Armor: Leather armour    |    38 |     4 |       |       |       |       |       |       |       ||    42
       Ring mail         |       |    12 |       |       |       |       |       |       |       ||    12
       Chain mail        |       |    33 |   422 |    89 |       |       |       |       |       ||   544
       Plate armour      |       |       |       |   269 |   296 |       |       |       |       ||   565
       Acid dragon scale |       |       |       |     5 |       |       |       |       |       ||     5
       Gold dragon scale |       |       |       |       |   180 |   321 |   531 |   443 |  1019 ||  2494
Dodge: Dodged            |    81 |    74 |   334 |   518 |   537 |   265 |   562 |   607 |  1288 ||  4266
       Deflected         |       |       |       |       |    12 |     9 |    25 |    60 |    93 ||   199
Block: Buckler           |       |       |    95 |   298 |   345 |       |       |       |       ||   738
       Shield            |       |       |       |       |   370 |   892 |  1709 |  1849 |  3043 ||  7863
